Jets vs Sharks
Created - 19 janvier 2017 at 19:00
Goals
|
Jets |
0 |
1 |
1 |
2 |
Sharks |
0 |
2 |
2 |
4 |
|
Shots
|
Jets |
11 |
10 |
6 |
27 |
Sharks |
7 |
15 |
5 |
27 |
|
1st period
No Goal
Penalties :
Dustin Brown (Win) for Interference (Minor) at 3:34, Brad Boyes (SJS) for Roughing (Minor) at 3:40, Lee Stempniak (Win) for Tripping (Minor) at 18:04
2nd period
1. Sharks , David Legwand 25 (Brad Boyes, Lasse Kukkonen) at 3:01 (PP)
2. Sharks , Lasse Kukkonen 3 (Greg Campbell, Mike Green) at 13:52
3. Jets , Benoit Pouliot 21 (Dustin Brown, Derek Roy) at 15:11 (PP)
Penalties :
Derek Boogaard (SJS) for Elbowing (Minor) at 0:18, Marco Scandella (Win) for Hooking (Minor) at 2:27, Kevin Shattenkirk (SJS) for Roughing (Minor) at 14:39, Cal Clutterbuck (SJS) for Tripping (Minor) at 16:02, Anton Volchenkov (Win) for Goalie Interference (Minor) at 19:22
3rd period
4. Sharks , Oskar Osala 3 (Greg Campbell, Boris Valabik) at 1:41
5. Jets , Michael Rupp 9 (James Wright) at 16:18
6. Sharks , David Legwand 26 (Kim Johnsson, Brad Boyes) at 18:59 (PP)
Penalties :
Derek Roy (Win) for Hooking (Minor) at 4:05, Marco Scandella (Win) for Roughing (Minor) at 18:54
Goalie Stats
Jacob Markstrom (Win), 23 saves from 27 shots - (0,852), L, 3-3-2, 60:00 minutes
Cam Ward (SJS), 25 saves from 27 shots - (0,926), W, 15-15-4, 60:00 minutes
Players Stats for Jets
Player Name G A P +/- PIM S H SB GA TA FO MP PP MP PK MP
------------------------------------------------------------------------------------
Adam Pardy 0 0 0 -1 0 0 0 2 0 0 0/0 15:44 0:00 2:30
Anton Volchenkov 0 0 0 1 2 2 3 3 1 0 0/0 26:20 3:12 2:44
Benoit Pouliot 1 0 1 0 0 2 2 0 1 0 0/2 20:42 2:39 0:57
Blake Wheeler 0 0 0 0 0 0 1 0 3 1 0/1 19:53 1:57 4:08
Derek Roy 0 1 1 0 2 2 3 0 1 1 11/26 21:47 2:39 1:36
Derek Stepan 0 0 0 -1 0 0 1 0 0 0 2/4 8:55 0:00 0:10
Dmitri Kalinin 0 0 0 -1 0 0 0 0 0 0 0/0 21:44 3:06 3:27
Dustin Brown 0 1 1 0 2 4 1 1 0 0 0/0 18:42 2:39 0:00
Eric Fehr 0 0 0 0 0 0 0 0 0 0 0/0 8:14 0:00 0:00
Greg Zanon 0 0 0 -1 0 3 0 1 0 0 0/0 19:21 0:00 4:23
James Wright 0 1 1 0 0 1 3 0 0 0 5/12 12:46 0:00 4:00
Jason Zucker 0 0 0 -1 0 0 0 0 1 0 0/0 9:20 0:00 0:00
Jussi Jokinen 0 0 0 0 0 5 2 0 0 0 0/1 15:21 1:57 0:00
Lee Stempniak 0 0 0 -1 2 2 3 0 0 0 0/0 8:59 0:00 0:00
Marco Scandella 0 0 0 0 4 2 0 2 0 0 0/0 21:47 1:30 0:20
Michael Rupp 1 0 1 0 0 2 1 0 0 0 0/0 9:48 0:00 1:34
Mikko Koivu 0 0 0 0 0 1 1 0 0 0 3/10 16:51 1:57 0:59
Tomas Kundratek 0 0 0 0 0 1 0 0 0 0 0/0 15:05 1:24 0:00
Players Stats for Sharks
Player Name G A P +/- PIM S H SB GA TA FO MP PP MP PK MP
------------------------------------------------------------------------------------
Andrej Sekera 0 0 0 1 0 0 0 0 0 0 0/0 11:18 0:00 0:00
Antoine Vermette 0 0 0 0 0 4 1 0 0 0 7/10 18:29 2:31 1:19
Boris Valabik 0 1 1 1 0 0 0 0 0 1 0/0 10:59 0:00 0:00
Brad Boyes 0 2 2 -1 2 4 2 0 0 1 3/7 23:09 4:08 2:56
Cal Clutterbuck 0 0 0 0 2 0 3 0 0 1 0/0 16:46 2:31 0:00
David Legwand 2 0 2 -1 0 2 2 1 1 1 18/25 23:52 4:09 2:57
Derek Boogaard 0 0 0 -1 2 5 0 1 0 0 2/3 17:49 4:08 0:43
Greg Campbell 0 2 2 2 0 2 0 0 0 0 3/4 14:15 0:02 0:08
Joe Callahan 0 0 0 0 0 0 0 0 0 0 0/0 3:13 0:00 0:00
Kevin Shattenkirk 0 0 0 0 2 2 0 3 0 1 0/0 20:01 2:17 1:34
Kim Johnsson 0 1 1 0 0 1 0 3 0 0 0/0 19:56 2:17 1:34
Lasse Kukkonen 1 1 2 0 0 3 0 2 0 0 0/0 26:20 4:25 3:02
Martin Erat 0 0 0 2 0 0 3 0 0 0 0/0 13:50 0:00 0:00
Mike Green 0 1 1 0 0 1 1 0 1 1 0/0 28:39 4:25 3:02
Oskar Osala 1 0 1 2 0 1 1 1 0 1 0/1 13:29 0:00 0:00
Patrick O'Sullivan 0 0 0 0 0 1 1 0 0 0 0/2 6:55 0:05 0:06
T.J. Hensick 0 0 0 0 0 1 0 0 0 0 2/3 7:14 0:00 0:43
Tuomo Ruutu 0 0 0 0 0 0 1 0 0 0 0/1 17:13 2:31 0:20
3 Stars
1 - David Legwand (SJS)
2 - Oskar Osala (SJS)
3 - Lasse Kukkonen (SJS)
Power Play
Jets - 1 on 4 Attempt(s) - 25,00%
Sharks - 2 on 6 Attempt(s) - 33,33%
Penalty Kill
Jets - 4 on 6 Attempt(s) - 66,67%
- Score 0 goal in Penalty Kill
Sharks - 3 on 4 Attempt(s) - 75,00%
- Score 0 goal in Penalty Kill
Team Stat
Jets - Hits : 21 - Faceoff Wins : 21 - Blocked Shots : 9 - Penalty Minutes : 12
Sharks - Hits : 15 - Faceoff Wins : 35 - Blocked Shots : 11 - Penalty Minutes : 8
Official
Referees : Marouelli Dan and Auger Stephane
Linesman : Mike Cvik and Don Henderson
Game Notes
No Game Note
Finance
Level 1 -- Attendance: 4904 (81,73%) -- Ticket Income 441 360 $
Level 2 -- Attendance: 3740 (74,80%) -- Ticket Income 224 400 $
Level 3 -- Attendance: 1217 (60,85%) -- Ticket Income 48 680 $
Level 4 -- Attendance: 3714 (92,85%) -- Ticket Income 74 280 $
Luxury Box -- Attendance: 753 (75,30%) -- Ticket Income 135 540 $
Game was played at the Hockey Place Center.
Total Attendance: 14328 (79,60%)
Total Ticket Income: 924 260 $
Other Income: 138 639 $
Total Income: 1 062 899 $
Jets
5 vs 5 Forward
Center Left Wing Right Wing Time % Phy DF OF
1 Derek Roy Benoit Pouliot Dustin Brown 40 0 2 3
2 Mikko Koivu Jussi Jokinen Blake Wheeler 30 0 2 3
3 Derek Stepan Jason Zucker Lee Stempniak 15 0 2 3
4 James Wright Michael Rupp Eric Fehr 15 1 2 2
5 vs 5 Defense
Defense Defense Time % Phy DF OF
1 Anton Volchenkov Marco Scandella 40 1 3 1
2 Dmitri Kalinin Adam Pardy 30 1 3 1
3 Greg Zanon Tomas Kundratek 20 1 2 2
4 Anton Volchenkov Dmitri Kalinin 10 1 2 2
PowerPlay Forward
Center Left Wing Right Wing Time % Phy DF OF
1 Derek Roy Benoit Pouliot Dustin Brown 60 0 0 5
2 Mikko Koivu Jussi Jokinen Blake Wheeler 40 0 0 5
PowerPlay Defense
Defense Defense Time % Phy DF OF
1 Dmitri Kalinin Anton Volchenkov 60 0 1 4
2 Tomas Kundratek Marco Scandella 40 0 1 4
Penalty Kill 4 Players Forward
Center Wing Time % Phy DF OF
1 James Wright Blake Wheeler 60 0 4 1
2 Derek Roy Michael Rupp 40 0 4 1
Penalty Kill 4 Players Defense
Defense Defense Time % Phy DF OF
1 Greg Zanon Anton Volchenkov 60 0 5 0
2 Dmitri Kalinin Adam Pardy 40 0 5 0
Penalty Kill - 3 Players Forward
Forward Time % Phy DF OF
1 Blake Wheeler 60 0 4 1
2 Dustin Brown 40 0 4 1
Penalty Kill - 3 Players Defense
Defense Defense Time % Phy DF OF
1 Greg Zanon Anton Volchenkov 60 0 5 0
2 Marco Scandella Dmitri Kalinin 40 0 5 0
4 vs 4 Forward
Center Wing Time % Phy DF OF
1 Derek Roy Benoit Pouliot 60 1 2 2
2 Mikko Koivu Dustin Brown 40 1 2 2
4 vs 4 Defense
Defense Defense Time % Phy DF OF
1 Anton Volchenkov Marco Scandella 60 1 2 2
2 Dmitri Kalinin Greg Zanon 40 1 2 2
Last Minutes Offensive
Center Left Wing Right Wing Defense Defense
Derek Roy Benoit Pouliot Dustin Brown Anton Volchenkov Dmitri Kalinin
Last Minutes Defensive
Center Left Wing Right Wing Defense Defense
Derek Roy Michael Rupp Blake Wheeler Greg Zanon Anton Volchenkov
Goaltenders
Starting : Jacob Markstrom
Backup : Kari Lehtonen
Extra Forwards
Normal : Dustin Brown, Benoit Pouliot, Derek Roy - PP : Dustin Brown, Derek Roy - PK : Derek Roy
Extra Defensemen
Normal : Dmitri Kalinin, Anton Volchenkov, Greg Zanon - PP : Dmitri Kalinin - PK : Dmitri Kalinin, Anton Volchenkov
Penalty Shots
Dustin Brown, Benoit Pouliot, Derek Roy, Blake Wheeler, Mikko Koivu
Sharks
5 vs 5 Forward
Center Left Wing Right Wing Time % Phy DF OF
1 David Legwand Derek Boogaard Brad Boyes 40 1 2 2
2 Antoine Vermette Tuomo Ruutu Cal Clutterbuck 30 1 2 2
3 Greg Campbell Oskar Osala Martin Erat 20 1 2 2
4 T.J. Hensick Brad Boyes David Legwand 10 1 2 2
5 vs 5 Defense
Defense Defense Time % Phy DF OF
1 Mike Green Lasse Kukkonen 40 1 2 2
2 Kevin Shattenkirk Kim Johnsson 30 1 2 2
3 Andrej Sekera Boris Valabik 20 1 2 2
4 Joe Callahan Mike Green 10 1 2 2
PowerPlay Forward
Center Left Wing Right Wing Time % Phy DF OF
1 David Legwand Derek Boogaard Brad Boyes 60 1 2 2
2 Antoine Vermette Tuomo Ruutu Cal Clutterbuck 40 1 2 2
PowerPlay Defense
Defense Defense Time % Phy DF OF
1 Mike Green Lasse Kukkonen 60 1 2 2
2 Kevin Shattenkirk Kim Johnsson 40 1 2 2
Penalty Kill 4 Players Forward
Center Wing Time % Phy DF OF
1 Brad Boyes David Legwand 60 1 2 2
2 Derek Boogaard Antoine Vermette 40 1 2 2
Penalty Kill 4 Players Defense
Defense Defense Time % Phy DF OF
1 Mike Green Lasse Kukkonen 60 1 2 2
2 Kevin Shattenkirk Kim Johnsson 40 1 2 2
Penalty Kill - 3 Players Forward
Forward Time % Phy DF OF
1 Brad Boyes 60 1 2 2
2 David Legwand 40 1 2 2
Penalty Kill - 3 Players Defense
Defense Defense Time % Phy DF OF
1 Mike Green Lasse Kukkonen 60 1 2 2
2 Kevin Shattenkirk Kim Johnsson 40 1 2 2
4 vs 4 Forward
Center Wing Time % Phy DF OF
1 Brad Boyes David Legwand 60 1 2 2
2 Derek Boogaard Antoine Vermette 40 1 2 2
4 vs 4 Defense
Defense Defense Time % Phy DF OF
1 Mike Green Lasse Kukkonen 60 1 2 2
2 Kevin Shattenkirk Kim Johnsson 40 1 2 2
Last Minutes Offensive
Center Left Wing Right Wing Defense Defense
David Legwand Derek Boogaard Brad Boyes Mike Green Lasse Kukkonen
Last Minutes Defensive
Center Left Wing Right Wing Defense Defense
David Legwand Derek Boogaard Brad Boyes Mike Green Lasse Kukkonen
Goaltenders
Starting : Cam Ward
Backup : Mike Brodeur
Extra Forwards
Normal : Patrick O'Sullivan, Greg Campbell, T.J. Hensick - PP : Patrick O'Sullivan, Greg Campbell - PK : T.J. Hensick
Extra Defensemen
Normal : Andrej Sekera, Boris Valabik, Joe Callahan - PP : Andrej Sekera - PK : Boris Valabik, Joe Callahan
Penalty Shots
Brad Boyes, David Legwand, Derek Boogaard, Antoine Vermette, Greg Campbell
% Time on Ice - Jets
Lines # - Real PCT - Wanted PCT - Time Play
Normal Forward
1 - 34% - 40% - 15:53
2 - 30% - 30% - 13:57
3 - 19% - 15% - 8:45
4 - 18% - 15% - 8:14
Normal Defense
1 - 44% - 40% - 20:22
2 - 27% - 30% - 12:49
3 - 27% - 20% - 12:41
4 - 2% - 10% - 0:57
PP Forward
1 - 58% - 60% - 2:39
2 - 42% - 40% - 1:57
PP Defense
1 - 70% - 60% - 3:12
2 - 30% - 40% - 1:24
PK Forward
1 - 77% - 60% - 5:08
2 - 23% - 40% - 1:34
PK Defense
1 - 70% - 60% - 4:43
2 - 30% - 40% - 1:59
PK3 Forward
1 - 0% - 60%
2 - 0% - 40%
PK3 Defense
1 - 0% - 60%
2 - 0% - 40%
44 Forward
1 - 74% - 60% - 1:24
2 - 26% - 40% - 0:29
44 Defense
1 - 73% - 60% - 1:22
2 - 27% - 40% - 0:31
Last Minute Offensive - 0:00
Last Minute Defensive - 0:00
Total
Forward - 60:00
Defense - 60:00
|
% Time on Ice - Sharks
Lines # - Real PCT - Wanted PCT - Time Play
Normal Forward
1 - 30% - 40% - 14:05
2 - 32% - 30% - 14:49
3 - 29% - 20% - 13:30
4 - 9% - 10% - 4:25
Normal Defense
1 - 38% - 40% - 17:59
2 - 32% - 30% - 15:06
3 - 23% - 20% - 10:39
4 - 7% - 10% - 3:05
PP Forward
1 - 62% - 60% - 4:11
2 - 38% - 40% - 2:31
PP Defense
1 - 66% - 60% - 4:25
2 - 34% - 40% - 2:17
PK Forward
1 - 72% - 60% - 3:20
2 - 28% - 40% - 1:16
PK Defense
1 - 66% - 60% - 3:02
2 - 34% - 40% - 1:34
PK3 Forward
1 - 0% - 60%
2 - 0% - 40%
PK3 Defense
1 - 0% - 60%
2 - 0% - 40%
44 Forward
1 - 74% - 60% - 1:24
2 - 26% - 40% - 0:29
44 Defense
1 - 48% - 60% - 0:54
2 - 52% - 40% - 0:59
Last Minute Offensive - 0:00
Last Minute Defensive - 0:00
Total
Forward - 60:00
Defense - 60:00
|
Play by Play
1st period
0:01 of 1st period - David Legwand wins face-off versus Derek Roy in neutral zone.
0:30 of 1st period - Snap shot by Mikko Koivu.
0:30 of 1st period - Stopped by Cam Ward without a rebound.
0:31 of 1st period - Greg Campbell wins face-off versus Mikko Koivu in Sharks zone.
0:36 of 1st period - Dmitri Kalinin is hit by Oskar Osala and loses puck.
0:45 of 1st period - Snap shot by Jussi Jokinen.
0:45 of 1st period - Stopped by Cam Ward without a rebound.
0:46 of 1st period - Derek Stepan wins face-off versus T.J. Hensick in Sharks zone.
0:53 of 1st period - Wrist shot by Lee Stempniak.
0:53 of 1st period - Stopped by Cam Ward with a rebound.
0:59 of 1st period - Wrist shot by Lee Stempniak.
0:59 of 1st period - Shot Misses the Net.
1:01 of 1st period - Snap shot by Derek Stepan.
1:01 of 1st period - Shot Misses the Net.
1:36 of 1st period - Wrist shot by Greg Campbell.
1:36 of 1st period - Stopped by Jacob Markstrom with a rebound.
1:38 of 1st period - Slapshot by Kevin Shattenkirk.
1:38 of 1st period - Shot Misses the Net.
2:55 of 1st period - Wrist shot by Mikko Koivu.
2:55 of 1st period - Shot Misses the Net.
2:57 of 1st period - Snap shot by Blake Wheeler.
2:57 of 1st period - Shot Misses the Net.
3:11 of 1st period - Slapshot by Derek Roy.
3:11 of 1st period - Stopped by Cam Ward without a rebound.
3:12 of 1st period - Antoine Vermette wins face-off versus Derek Roy in Sharks zone.
3:12 of 1st period - Antoine Vermette is hit by Anton Volchenkov.
3:34 of 1st period - Minor Penalty to Dustin Brown for Interference.
3:35 of 1st period - James Wright wins face-off versus David Legwand in Jets zone.
3:40 of 1st period - Minor Penalty to Brad Boyes for Roughing.
3:41 of 1st period - Derek Roy wins face-off versus Patrick O'Sullivan in Sharks zone.
4:06 of 1st period - Lasse Kukkonen is hit by Mikko Koivu and loses puck.
4:23 of 1st period - Slapshot by Anton Volchenkov.
4:23 of 1st period - Stopped by Cam Ward without a rebound.
4:24 of 1st period - Derek Roy wins face-off versus Derek Boogaard in Sharks zone.
4:49 of 1st period - Benoit Pouliot is hit by Mike Green and loses puck.
4:54 of 1st period - Snap shot by Kevin Shattenkirk.
4:54 of 1st period - Deflect By Patrick O'Sullivan.
4:54 of 1st period - Stopped by Jacob Markstrom without a rebound.
4:55 of 1st period - Derek Roy wins face-off versus Patrick O'Sullivan in Jets zone.
5:06 of 1st period - Slapshot by Patrick O'Sullivan.
5:06 of 1st period - Shot Blocked by Marco Scandella.
5:25 of 1st period - Wrist shot by Derek Roy.
5:25 of 1st period - Shot Misses the Net.
5:27 of 1st period - Snap shot by Benoit Pouliot.
5:27 of 1st period - Shot Blocked by Kim Johnsson.
5:29 of 1st period - Snap shot by Benoit Pouliot.
5:29 of 1st period - Deflect By Derek Roy.
5:29 of 1st period - Stopped by Cam Ward with a rebound.
5:31 of 1st period - Snap shot by Derek Roy.
5:31 of 1st period - Shot Misses the Net.
5:34 of 1st period - Penalty to Dustin Brown is over, Dustin Brown is back on ice.
5:40 of 1st period - Penalty to Brad Boyes is over, Brad Boyes is back on ice.
6:05 of 1st period - Wrist shot by Dustin Brown.
6:05 of 1st period - Shot Misses the Net.
6:11 of 1st period - Snap shot by Benoit Pouliot.
6:11 of 1st period - Shot Misses the Net.
6:21 of 1st period - Slapshot by Kevin Shattenkirk.
6:21 of 1st period - Shot Blocked by Marco Scandella.
7:21 of 1st period - Slapshot by Dustin Brown.
7:21 of 1st period - Stopped by Cam Ward with a rebound.
7:23 of 1st period - Snap shot by Anton Volchenkov.
7:23 of 1st period - Stopped by Cam Ward with a rebound.
7:25 of 1st period - Slapshot by Marco Scandella.
7:25 of 1st period - Shot Blocked by Kevin Shattenkirk.
7:27 of 1st period - Slapshot by Anton Volchenkov.
7:27 of 1st period - Shot Blocked by David Legwand.
7:29 of 1st period - Wrist shot by Anton Volchenkov.
7:29 of 1st period - Shot Blocked by Kim Johnsson.
7:31 of 1st period - Wrist shot by Benoit Pouliot.
7:31 of 1st period - Shot Misses the Net.
7:33 of 1st period - Snap shot by Marco Scandella.
7:33 of 1st period - Stopped by Cam Ward with a rebound.
7:35 of 1st period - Wrist shot by Marco Scandella.
7:35 of 1st period - Stopped by Cam Ward without a rebound.
7:36 of 1st period - Antoine Vermette wins face-off versus Mikko Koivu in Sharks zone.
7:51 of 1st period - Icing by Mike Green.
7:52 of 1st period - Antoine Vermette wins face-off versus James Wright in Sharks zone.
7:59 of 1st period - Cal Clutterbuck is hit by James Wright and loses puck.
10:07 of 1st period - Greg Campbell is hit by James Wright and loses puck.
11:22 of 1st period - Blake Wheeler is hit by Brad Boyes and loses puck.
12:20 of 1st period - Icing by Marco Scandella.
12:21 of 1st period - Derek Roy wins face-off versus Greg Campbell in Jets zone.
12:28 of 1st period - Kevin Shattenkirk is hit by Jussi Jokinen and loses puck.
13:39 of 1st period - Icing by Mike Green.
13:40 of 1st period - Greg Campbell wins face-off versus Derek Roy in Sharks zone.
13:53 of 1st period - Snap shot by Jussi Jokinen.
13:53 of 1st period - Stopped by Cam Ward without a rebound.
13:54 of 1st period - David Legwand wins face-off versus Mikko Koivu in Sharks zone.
14:15 of 1st period - Slapshot by Antoine Vermette.
14:15 of 1st period - Shot Blocked by Anton Volchenkov.
14:58 of 1st period - Blake Wheeler is hit by David Legwand and loses puck.
15:16 of 1st period - Icing by Andrej Sekera.
15:17 of 1st period - James Wright wins face-off versus Antoine Vermette in Sharks zone.
15:26 of 1st period - Wrist shot by Antoine Vermette.
15:26 of 1st period - Shot Blocked by Greg Zanon.
15:46 of 1st period - Snap shot by Derek Boogaard.
15:46 of 1st period - Stopped by Jacob Markstrom with a rebound.
15:49 of 1st period - Icing by Tomas Kundratek.
15:50 of 1st period - David Legwand wins face-off versus Derek Roy in Jets zone.
16:25 of 1st period - Snap shot by Jussi Jokinen.
16:25 of 1st period - Shot Misses the Net.
16:45 of 1st period - Slapshot by Martin Erat.
16:45 of 1st period - Shot Misses the Net.
16:47 of 1st period - Slapshot by Mike Green.
16:47 of 1st period - Deflect By Martin Erat.
16:47 of 1st period - Shot Misses the Net.
16:47 of 1st period - Puck is out of play.
16:48 of 1st period - David Legwand wins face-off versus Benoit Pouliot in Jets zone.
16:49 of 1st period - Snap shot by Brad Boyes.
16:49 of 1st period - Shot Misses the Net.
16:51 of 1st period - Wrist shot by Derek Boogaard.
16:51 of 1st period - Shot Misses the Net.
16:53 of 1st period - Slapshot by Kevin Shattenkirk.
16:53 of 1st period - Stopped by Jacob Markstrom without a rebound.
16:54 of 1st period - David Legwand wins face-off versus Derek Roy in Jets zone.
16:57 of 1st period - Wrist shot by Brad Boyes.
16:57 of 1st period - Shot Blocked by Anton Volchenkov.
16:59 of 1st period - Backhand shot by Kim Johnsson.
16:59 of 1st period - Deflect By Brad Boyes.
16:59 of 1st period - Stopped by Jacob Markstrom with a rebound.
17:01 of 1st period - Slapshot by Kevin Shattenkirk.
17:01 of 1st period - Shot Misses the Net.
17:09 of 1st period - Snap shot by David Legwand.
17:09 of 1st period - Deflect By Derek Boogaard.
17:09 of 1st period - Shot Misses the Net.
17:09 of 1st period - Puck is out of play.
17:10 of 1st period - Antoine Vermette wins face-off versus Mikko Koivu in Jets zone.
17:11 of 1st period - Slapshot by Mike Green.
17:11 of 1st period - Deflect By Antoine Vermette.
17:11 of 1st period - Stopped by Jacob Markstrom with a rebound.
18:04 of 1st period - Minor Penalty to Lee Stempniak for Tripping.
18:05 of 1st period - David Legwand wins face-off versus Blake Wheeler in Jets zone.
18:17 of 1st period - Wrist shot by Brad Boyes.
18:17 of 1st period - Stopped by Jacob Markstrom without a rebound.
18:18 of 1st period - David Legwand wins face-off versus James Wright in Jets zone.
Goals for this period are 0 for Jets vs 0 for Sharks.
Shots for this period are 11 for Jets vs 7 for Sharks.
2nd period
0:01 of 2nd period - David Legwand wins face-off versus James Wright in neutral zone.
0:04 of 2nd period - Penalty to Lee Stempniak is over, Lee Stempniak is back on ice.
0:18 of 2nd period - Minor Penalty to Derek Boogaard for Elbowing.
0:19 of 2nd period - Derek Roy wins face-off versus Brad Boyes in Sharks zone.
0:55 of 2nd period - Snap shot by Jussi Jokinen.
0:55 of 2nd period - Stopped by Cam Ward without a rebound.
0:56 of 2nd period - Brad Boyes wins face-off versus Jussi Jokinen in Sharks zone.
1:25 of 2nd period - Kevin Shattenkirk is hit by Derek Roy and loses puck.
1:30 of 2nd period - Snap shot by Derek Roy.
1:30 of 2nd period - Shot Blocked by Kevin Shattenkirk.
2:18 of 2nd period - Penalty to Derek Boogaard is over, Derek Boogaard is back on ice.
2:27 of 2nd period - Minor Penalty to Marco Scandella for Hooking.
2:28 of 2nd period - James Wright wins face-off versus Tuomo Ruutu in Jets zone.
2:41 of 2nd period - Slapshot by Lasse Kukkonen.
2:41 of 2nd period - Stopped by Jacob Markstrom with a rebound.
2:43 of 2nd period - Slapshot by Mike Green.
2:43 of 2nd period - Shot Misses the Net.
3:01 of 2nd period - Snap shot by Brad Boyes.
3:01 of 2nd period - Deflect By David Legwand.
3:01 of 2nd period - Goal by David Legwand - Jets : 0 - Sharks : 1.
3:02 of 2nd period - Derek Boogaard wins face-off versus Derek Roy in neutral zone.
3:11 of 2nd period - Snap shot by David Legwand.
3:11 of 2nd period - Shot Misses the Net.
3:40 of 2nd period - Wrist shot by Antoine Vermette.
3:40 of 2nd period - Stopped by Jacob Markstrom without a rebound.
3:41 of 2nd period - Derek Roy wins face-off versus Brad Boyes in Jets zone.
3:52 of 2nd period - Slapshot by Kevin Shattenkirk.
3:52 of 2nd period - Shot Misses the Net.
3:54 of 2nd period - Slapshot by Kim Johnsson.
3:54 of 2nd period - Shot Blocked by Adam Pardy.
3:56 of 2nd period - Slapshot by Kim Johnsson.
3:56 of 2nd period - Deflect By Brad Boyes.
3:56 of 2nd period - Shot Misses the Net.
3:56 of 2nd period - Puck is out of play.
3:57 of 2nd period - Antoine Vermette wins face-off versus Mikko Koivu in Jets zone.
3:58 of 2nd period - Wrist shot by Tuomo Ruutu.
3:58 of 2nd period - Shot Misses the Net.
4:29 of 2nd period - Snap shot by David Legwand.
4:29 of 2nd period - Shot Misses the Net.
4:31 of 2nd period - Wrist shot by Lasse Kukkonen.
4:31 of 2nd period - Stopped by Jacob Markstrom without a rebound.
4:32 of 2nd period - David Legwand wins face-off versus Derek Roy in Jets zone.
4:35 of 2nd period - Slapshot by Brad Boyes.
4:35 of 2nd period - Stopped by Jacob Markstrom with a rebound.
5:09 of 2nd period - Wrist shot by Antoine Vermette.
5:09 of 2nd period - Shot Blocked by Anton Volchenkov.
5:14 of 2nd period - Off-side.
5:15 of 2nd period - Greg Campbell wins face-off versus Derek Stepan in neutral zone.
5:20 of 2nd period - Snap shot by Mike Green.
5:20 of 2nd period - Shot Misses the Net.
5:22 of 2nd period - Snap shot by Lasse Kukkonen.
5:22 of 2nd period - Shot Misses the Net.
5:26 of 2nd period - Wrist shot by Greg Campbell.
5:26 of 2nd period - Stopped by Jacob Markstrom with a rebound.
5:40 of 2nd period - Anton Volchenkov is hit by David Legwand and loses puck.
6:28 of 2nd period - Snap shot by T.J. Hensick.
6:28 of 2nd period - Stopped by Jacob Markstrom with a rebound.
6:40 of 2nd period - Martin Erat is hit by Derek Stepan and loses puck.
6:45 of 2nd period - Wrist shot by Lee Stempniak.
6:45 of 2nd period - Shot Misses the Net.
6:47 of 2nd period - Slapshot by Greg Zanon.
6:47 of 2nd period - Stopped by Cam Ward with a rebound.
8:14 of 2nd period - Snap shot by Derek Roy.
8:14 of 2nd period - Shot Blocked by Oskar Osala.
8:16 of 2nd period - Snap shot by Benoit Pouliot.
8:16 of 2nd period - Shot Blocked by Kim Johnsson.
9:09 of 2nd period - Backhand shot by Michael Rupp.
9:09 of 2nd period - Shot Misses the Net.
9:11 of 2nd period - Slapshot by Marco Scandella.
9:11 of 2nd period - Shot Misses the Net.
9:45 of 2nd period - Dustin Brown is hit by Cal Clutterbuck and loses puck.
9:56 of 2nd period - Brad Boyes is hit by Lee Stempniak and loses puck.
10:48 of 2nd period - Jussi Jokinen is hit by Cal Clutterbuck and loses puck.
10:59 of 2nd period - Snap shot by Derek Boogaard.
10:59 of 2nd period - Stopped by Jacob Markstrom without a rebound.
11:00 of 2nd period - Derek Roy wins face-off versus David Legwand in Jets zone.
11:12 of 2nd period - Wrist shot by Dustin Brown.
11:12 of 2nd period - Stopped by Cam Ward without a rebound.
11:13 of 2nd period - Antoine Vermette wins face-off versus Derek Roy in Sharks zone.
11:18 of 2nd period - Slapshot by Kevin Shattenkirk.
11:18 of 2nd period - Stopped by Jacob Markstrom with a rebound.
11:20 of 2nd period - Wrist shot by Antoine Vermette.
11:20 of 2nd period - Shot Misses the Net.
11:22 of 2nd period - Slapshot by Kim Johnsson.
11:22 of 2nd period - Stopped by Jacob Markstrom without a rebound.
11:23 of 2nd period - Antoine Vermette wins face-off versus Benoit Pouliot in Jets zone.
11:54 of 2nd period - Snap shot by Antoine Vermette.
11:54 of 2nd period - Shot Blocked by Dustin Brown.
12:20 of 2nd period - Snap shot by Cal Clutterbuck.
12:20 of 2nd period - Shot Misses the Net.
12:22 of 2nd period - Snap shot by Kim Johnsson.
12:22 of 2nd period - Shot Misses the Net.
12:24 of 2nd period - Wrist shot by Antoine Vermette.
12:24 of 2nd period - Stopped by Jacob Markstrom without a rebound.
12:25 of 2nd period - David Legwand wins face-off versus Mikko Koivu in Jets zone.
12:36 of 2nd period - Wrist shot by Brad Boyes.
12:36 of 2nd period - Shot Misses the Net.
13:01 of 2nd period - Lasse Kukkonen is hit by Michael Rupp and loses puck.
13:14 of 2nd period - Snap shot by Lee Stempniak.
13:14 of 2nd period - Stopped by Cam Ward with a rebound.
13:35 of 2nd period - Greg Campbell is hit by Blake Wheeler and loses puck.
13:50 of 2nd period - Wrist shot by Greg Campbell.
13:50 of 2nd period - Shot Misses the Net.
13:52 of 2nd period - Wrist shot by Lasse Kukkonen.
13:52 of 2nd period - Goal by Lasse Kukkonen - Jets : 0 - Sharks : 2.
13:53 of 2nd period - Derek Roy wins face-off versus David Legwand in neutral zone.
14:15 of 2nd period - Icing by Benoit Pouliot.
14:16 of 2nd period - Mikko Koivu wins face-off versus Antoine Vermette in Jets zone.
14:21 of 2nd period - Wrist shot by Jussi Jokinen.
14:21 of 2nd period - Stopped by Cam Ward with a rebound.
14:39 of 2nd period - Minor Penalty to Kevin Shattenkirk for Roughing.
14:40 of 2nd period - Derek Roy wins face-off versus Brad Boyes in Sharks zone.
14:47 of 2nd period - Wrist shot by Benoit Pouliot.
14:47 of 2nd period - Stopped by Cam Ward without a rebound.
14:48 of 2nd period - Brad Boyes wins face-off versus Derek Roy in Sharks zone.
15:05 of 2nd period - Snap shot by Derek Roy.
15:05 of 2nd period - Shot Misses the Net.
15:07 of 2nd period - Snap shot by Dustin Brown.
15:07 of 2nd period - Shot Misses the Net.
15:09 of 2nd period - Snap shot by Dustin Brown.
15:09 of 2nd period - Stopped by Cam Ward with a rebound.
15:11 of 2nd period - Slapshot by Benoit Pouliot.
15:11 of 2nd period - Goal by Benoit Pouliot - Jets : 1 - Sharks : 2.
15:12 of 2nd period - David Legwand wins face-off versus Derek Roy in neutral zone.
16:02 of 2nd period - Minor Penalty to Cal Clutterbuck for Tripping.
16:03 of 2nd period - David Legwand wins face-off versus Mikko Koivu in Sharks zone.
17:14 of 2nd period - Snap shot by Derek Boogaard.
17:14 of 2nd period - Stopped by Jacob Markstrom without a rebound.
17:15 of 2nd period - Derek Boogaard wins face-off versus Derek Roy in Jets zone.
17:22 of 2nd period - Snap shot by Antoine Vermette.
17:22 of 2nd period - Stopped by Jacob Markstrom without a rebound.
17:23 of 2nd period - Mikko Koivu wins face-off versus Brad Boyes in Jets zone.
17:57 of 2nd period - Slapshot by Dustin Brown.
17:57 of 2nd period - Stopped by Cam Ward with a rebound.
18:02 of 2nd period - Penalty to Cal Clutterbuck is over, Cal Clutterbuck is back on ice.
18:11 of 2nd period - Snap shot by Eric Fehr.
18:11 of 2nd period - Shot Blocked by Kevin Shattenkirk.
18:13 of 2nd period - Slapshot by Tomas Kundratek.
18:13 of 2nd period - Stopped by Cam Ward without a rebound.
18:14 of 2nd period - Mikko Koivu wins face-off versus Oskar Osala in Sharks zone.
18:58 of 2nd period - Off-side.
18:59 of 2nd period - Derek Stepan wins face-off versus David Legwand in neutral zone.
19:22 of 2nd period - Minor Penalty to Anton Volchenkov for Goalie Interference.
19:23 of 2nd period - David Legwand wins face-off versus James Wright in Jets zone.
19:31 of 2nd period - Wrist shot by Derek Boogaard.
19:31 of 2nd period - Stopped by Jacob Markstrom without a rebound.
19:32 of 2nd period - Brad Boyes wins face-off versus James Wright in Jets zone.
19:35 of 2nd period - Wrist shot by Derek Boogaard.
19:35 of 2nd period - Shot Misses the Net.
Goals for this period are 1 for Jets vs 2 for Sharks.
Shots for this period are 10 for Jets vs 15 for Sharks.
3rd period
0:01 of 3rd period - David Legwand wins face-off versus James Wright in neutral zone.
0:39 of 3rd period - Dmitri Kalinin is hit by Tuomo Ruutu and loses puck.
0:58 of 3rd period - Blake Wheeler is hit by Brad Boyes and loses puck.
1:22 of 3rd period - Penalty to Anton Volchenkov is over, Anton Volchenkov is back on ice.
1:41 of 3rd period - Snap shot by Oskar Osala.
1:41 of 3rd period - Goal by Oskar Osala - Jets : 1 - Sharks : 3.
1:42 of 3rd period - Derek Roy wins face-off versus Antoine Vermette in neutral zone.
1:47 of 3rd period - Wrist shot by Benoit Pouliot.
1:47 of 3rd period - Shot Misses the Net.
2:38 of 3rd period - Snap shot by Derek Stepan.
2:38 of 3rd period - Deflect By Kevin Shattenkirk.
2:38 of 3rd period - Shot Misses the Net.
2:38 of 3rd period - Puck is out of play.
2:39 of 3rd period - David Legwand wins face-off versus Derek Stepan in Sharks zone.
2:54 of 3rd period - Wrist shot by Derek Boogaard.
2:54 of 3rd period - Stopped by Jacob Markstrom without a rebound.
2:55 of 3rd period - Derek Roy wins face-off versus David Legwand in Jets zone.
3:44 of 3rd period - Anton Volchenkov is hit by Antoine Vermette and loses puck.
3:47 of 3rd period - Slapshot by Michael Rupp.
3:47 of 3rd period - Stopped by Cam Ward without a rebound.
3:48 of 3rd period - David Legwand wins face-off versus Derek Roy in Sharks zone.
3:48 of 3rd period - David Legwand is hit by Benoit Pouliot.
4:05 of 3rd period - Minor Penalty to Derek Roy for Hooking.
4:06 of 3rd period - James Wright wins face-off versus David Legwand in Jets zone.
6:05 of 3rd period - Penalty to Derek Roy is over, Derek Roy is back on ice.
6:13 of 3rd period - Slapshot by Greg Zanon.
6:13 of 3rd period - Stopped by Cam Ward with a rebound.
8:27 of 3rd period - Mike Green is hit by Dustin Brown.
9:06 of 3rd period - Mikko Koivu is hit by Cal Clutterbuck and loses puck.
10:16 of 3rd period - Antoine Vermette is hit by Derek Roy and loses puck.
10:27 of 3rd period - David Legwand is hit by Anton Volchenkov and loses puck.
12:04 of 3rd period - Mike Green is hit by James Wright and loses puck.
12:09 of 3rd period - Slapshot by Michael Rupp.
12:09 of 3rd period - Shot Blocked by Lasse Kukkonen.
12:11 of 3rd period - Snap shot by Adam Pardy.
12:11 of 3rd period - Shot Misses the Net.
12:13 of 3rd period - Snap shot by James Wright.
12:13 of 3rd period - Stopped by Cam Ward with a rebound.
12:33 of 3rd period - Martin Erat is hit by Lee Stempniak and loses puck.
13:16 of 3rd period - Tuomo Ruutu is hit by Benoit Pouliot and loses puck.
13:41 of 3rd period - Patrick O'Sullivan is hit by Lee Stempniak.
13:45 of 3rd period - Jason Zucker is hit by Patrick O'Sullivan and loses puck.
14:50 of 3rd period - Snap shot by Benoit Pouliot.
14:50 of 3rd period - Shot Blocked by Derek Boogaard.
15:02 of 3rd period - Dmitri Kalinin is hit by Martin Erat and loses puck.
16:08 of 3rd period - Snap shot by Jussi Jokinen.
16:08 of 3rd period - Shot Misses the Net.
16:10 of 3rd period - Snap shot by Jussi Jokinen.
16:10 of 3rd period - Stopped by Cam Ward with a rebound.
16:12 of 3rd period - Slapshot by Greg Zanon.
16:12 of 3rd period - Shot Misses the Net.
16:14 of 3rd period - Snap shot by Jussi Jokinen.
16:14 of 3rd period - Shot Misses the Net.
16:16 of 3rd period - Slapshot by Greg Zanon.
16:16 of 3rd period - Stopped by Cam Ward without a rebound.
16:17 of 3rd period - James Wright wins face-off versus David Legwand in Sharks zone.
16:18 of 3rd period - Snap shot by Michael Rupp.
16:18 of 3rd period - Goal by Michael Rupp - Jets : 2 - Sharks : 3.
16:19 of 3rd period - T.J. Hensick wins face-off versus Derek Roy in neutral zone.
16:22 of 3rd period - Slapshot by Mike Green.
16:22 of 3rd period - Stopped by Jacob Markstrom without a rebound.
16:23 of 3rd period - T.J. Hensick wins face-off versus Derek Roy in Jets zone.
16:34 of 3rd period - T.J. Hensick is hit by Derek Roy and loses puck.
17:19 of 3rd period - Jussi Jokinen is hit by Martin Erat and loses puck.
17:26 of 3rd period - Oskar Osala is hit by Anton Volchenkov and loses puck.
17:47 of 3rd period - Snap shot by Jussi Jokinen.
17:47 of 3rd period - Shot Misses the Net.
17:49 of 3rd period - Wrist shot by Marco Scandella.
17:49 of 3rd period - Shot Blocked by Lasse Kukkonen.
17:59 of 3rd period - Greg Campbell is hit by Jussi Jokinen and loses puck.
18:36 of 3rd period - Marco Scandella is hit by Martin Erat.
18:54 of 3rd period - Minor Penalty to Marco Scandella for Roughing.
18:55 of 3rd period - David Legwand wins face-off versus Derek Roy in Jets zone.
18:55 of 3rd period - Slapshot by Brad Boyes.
18:55 of 3rd period - Stopped by Jacob Markstrom with a rebound.
18:57 of 3rd period - Slapshot by Kim Johnsson.
18:57 of 3rd period - Shot Blocked by Adam Pardy.
18:59 of 3rd period - Snap shot by David Legwand.
18:59 of 3rd period - Goal by David Legwand - Jets : 2 - Sharks : 4.
19:00 of 3rd period - David Legwand wins face-off versus James Wright in neutral zone.
Goals for this period are 1 for Jets vs 2 for Sharks.
Shots for this period are 6 for Jets vs 5 for Sharks.
Back to the Top